 Dungeon Crawl Stone Soup version 0.28.0-45-g0d030f2227 (webtiles) character file.

Game seed: 11743340300131295151

71 nickcage the Slasher (level 4, -1/35 HPs)
             Began as a Formicid Abyssal Knight on Apr 12, 2022.
             Was a Follower of Lugonu.
             Slain by a goblin
             ... wielding a +0 dagger
             ... led by Robin
              (6 damage)
             ... on level 3 of the Dungeon.
             The game lasted 00:03:46 (2537 turns).

nickcage the Slasher (Formicid Abyssal Knight)      Turns: 2537, Time: 00:03:47

Health: -1/35      AC:  0    Str: 19    XL:     4   Next: 47%
Magic:  5/5        EV: 18    Int: 10    God:    Lugonu [*.....]
Gold:   91         SH:  0    Dex: 16    Spells: 3/3 levels left

rFire   . . .      SeeInvis .   (weapon currently unavailable)
rCold   . . .      Faith    .   (shield currently unavailable)
rNeg    . . .      Spirit   .   (armour currently unavailable)
rPois   .          Reflect  .   (helmet unavailable)
rElec   .          Harm     .   (cloak currently unavailable)
rCorr   .          Rampage  .   (gloves currently unavailable)
Will    .....                   (boots currently unavailable)
Stlth   +.........              (no amulet)
HPRegen 0.11/turn               (ring currently unavailable)
MPRegen 0.09/turn               (ring currently unavailable)

@: bat-form, flying, very quick
A: fast, flying, no casting, permanent stasis, dig shafts and tunnels, tiny,
(antennae 3), four strong arms
a: Renounce Religion, Depart the Abyss


You were on level 3 of the Dungeon.
You worshipped Lugonu.
Lugonu was aware of your devotion.
You were a bat.
You visited 1 branch of the dungeon, and saw 3 of its levels.
You visited the Abyss 1 time.

You collected 91 gold pieces.

Inventory:

Hand Weapons
 a - a +1 falchion (melded)
Missiles
 g - 3 poisoned darts (quivered)
Armour
 b - a +0 leather armour (melded)
Jewellery
 h - an amulet of guardian spirit
Scrolls
 d - a scroll of identify {unknown}
 e - a scroll of amnesia {unknown}
 f - a scroll of immolation {unknown}
 i - a scroll of teleportation {unknown}
Potions
 c - a potion of curing {unknown}
 j - a potion of mutation {unknown}


   Skills:
 - Level 3.2 Fighting
 + Level 4.3 Long Blades
 + Level 0.1 Throwing
 - Level 2.1 Armour
 - Level 0.8 Dodging
 - Level 2.1 Invocations


You had 3 spell levels left.
You didn't know any spells.
Your spell library contained the following spells:

 Spells                   Type           Power      Damage    Failure   Level
 Magic Dart               Conj           0%         1d3       36%         1
 Searing Ray              Conj           0%         2d4       50%         2
 Fulminant Prism          Conj/Hex       0%         3d6       98%         4


Dungeon Overview and Level Annotations

Branches:
Dungeon (3/15)

Altars:

Shops:
D:1 ?


Innate Abilities, Weirdness & Mutations

You are a bat.
You are tiny and dextrous.
You move quickly.
You are flying.
Your equipment is almost entirely melded.
You are incapable of wielding weapons or throwing items.
You cannot cast spells.
You cannot be hasted, slowed, berserked, paralysed or teleported.
You can dig through walls and to a lower floor.
((You have a pair of large antennae on your head. (SInv)))
Your four strong arms can wield two-handed weapons with a shield.


Message History

Robin is heavily wounded.
Robin closely misses you.
A hobgoblin comes into view.
You hit Robin.
Robin is severely wounded.
Robin hits you but does no damage.
You barely miss Robin.
Robin is severely wounded.
Robin hits you but does no damage. The hobgoblin barely misses you.
A goblin comes into view. It is wielding a +0 club.
The goblin shouts!
You hit Robin.
Robin is almost dead.
You hear a shout!
Robin closely misses you. The hobgoblin closely misses you.
You barely miss Robin.
Robin is almost dead.
Robin throws the goblin at you! The hobgoblin hits you.
A goblin comes into view. It is wielding a +0 dagger.
The goblin hits you with a +0 dagger.
You hit Robin.
You kill Robin!
Lugonu accepts your kill. The hobgoblin barely misses you.
The goblin zaps a wand.
You turn into a bat.
Your +1 falchion melds into your body.
Your +0 leather armour melds into your body.
The goblin hits you with a +0 dagger.
You hit the goblin but do no damage. The hobgoblin closely misses you.
The goblin barely misses you. x2
You closely miss the goblin. The hobgoblin misses you.
The goblin hits you with a +0 dagger. x2
* * * LOW HITPOINT WARNING * * *
You barely miss the goblin. The hobgoblin misses you.
The goblin barely misses you. The goblin misses you.
You hit the goblin.
The goblin is moderately wounded.
The hobgoblin closely misses you. The goblin hits you with a +0 dagger.
* * * LOW HITPOINT WARNING * * *
The goblin hits you with a +0 dagger.
You die...

.. #.....
...###############.)
....................
....................
##.###..###.#####...
........# #.....##..
####+##g####.# #####.##..
.......g####.# #.#...
......ggbg...#######.#.#.
......g#######.......#.#.
....... #.#######.#.
..?....#######.#....<#.#.
>......+.................
.......#######.##.#..#.#.
....... #.##.#..#.#.
g...... #.##.#..#.#.
#.##.#..#.#.


You could see 2 hobgoblins and 4 goblins.

Vanquished Creatures
  Robin (D:3)
  An adder (D:2)
  A dart slug (D:1)
  4 bats
  4 endoplasms
  3 giant cockroaches
  4 hobgoblins
  3 jackals (D:3)
  A quokka (D:1)
  5 ball pythons
  2 frilled lizards
  7 goblins
  5 kobolds (D:1)
  5 rats
46 creatures vanquished.

Notes
Turn   | Place    | Note
-------+----------+-------------------------------------------
     0 | Abyss:1  | nickcage the Formicid Abyssal Knight began the quest for
                  | the Orb.
     0 | Abyss:1  | Reached XP level 1. HP: 18/18 MP: 2/2
     0 | D:1      | Escaped the Abyss
   294 | D:1      | Reached XP level 2. HP: 24/24 MP: 3/3
   324 | D:1      | Found Eggoruof's Magic Scroll Boutique.
   516 | D:1      | Reached skill level 3 in Long Blades
   811 | D:1      | Reached * piety under Lugonu
  1002 | D:1      | Found a faded altar of an unknown god.
  1081 | D:2      | Reached XP level 3. HP: 16/29 MP: 4/4
  1983 | D:3      | Reached XP level 4. HP: 10/35 MP: 5/5
  1985 | D:3      | Reached skill level 4 in Long Blades
  2520 | D:3      | Noticed Robin
  2533 | D:3      | Killed Robin
  2537 | D:3      | Slain by a goblin

Illustrated notes

Levels and vault maps discovered:
D:1:      dpeg_arrival_central, layout_basic, serial_shops,
          nicolae_shop_advertising_works [nicolae_subvault_shop_adworks],
          dreamdust_ecumenical_altar_hidden_monk_grotto,
          kennysheep_pointless_box, minmay_crystal_water
D:2:      layout_loops_ring
D:3:      layout_basic, kennysheep_generic_room_15, uniq_robin

Skill      XL: |  1  2  3  4 |
---------------+-------------+-----
Long Blades    | 3 4 |  4.3
Fighting       | |  3.2
Throwing       | |  0.1
Armour         | |  2.1
Dodging        | |  0.8
Invocations    | |  2.1

Action                   |  1- 3 |  4- 6 || total
-------------------------+-------+-------++-------
Melee: Falchion          |    99 |    32 ||   131
       Unarmed           |       |     4 ||     4
Throw: Dart              |     2 |       ||     2
Invok: Depart the Abyss  |     1 |       ||     1
Armor: Leather armour    |    33 |     7 ||    40
Dodge: Dodged            |    80 |    26 ||   106
